 Dungeon Crawl Stone Soup version 0.28-a0-1524-ge72afd5fc6 (webtiles) character file.

Game seed: 18072610558288772318

160 hashsling the Shooter (level 5, 28/28 HPs)
             Began as a Deep Elf Arcane Marksman on Jan 17, 2022.
             Quit the game in the Ecumenical Temple.
             The game lasted 00:10:21 (4040 turns).

hashsling the Shooter (Deep Elf Arcane Marksman)    Turns: 4040, Time: 00:10:22

Health: 28/28      AC:  2    Str:  7    XL:     5   Next: 17%
Magic:  10/10      EV: 13    Int: 18    God:
Gold:   219        SH:  0    Dex: 17    Spells: 4/8 levels left

rFire   . . .      SeeInvis .   a - +0 shortbow
rCold   . . .      Faith    .   (shield currently unavailable)
rNeg    . . .      Spirit   .   d - +0 robe
rPois   .          Reflect  .   (no helmet)
rElec   .          Harm     .   (no cloak)
rCorr   .          Rampage  .   (no gloves)
Will    .....                   (no boots)
Stlth   ++........              (no amulet)
HPRegen 0.09/turn               l - ring of flight
MPRegen 0.12/turn               (no ring)

@: flying
A: no striking features
a: no special abilities


You were in the Ecumenical Temple.
You visited 2 branches of the dungeon, and saw 5 of its levels.

You collected 219 gold pieces.

Inventory:

Hand Weapons
 a - a +0 shortbow (weapon)
 b - a +0 dagger
Missiles
 c - 37 arrows (quivered ammo)
 f - 4 boomerangs of dispersal
Armour
 d - a +0 robe (worn)
Jewellery
 l - a ring of flight (left hand)
Wands
 s - a wand of mindburst (18)
Scrolls
 e - a scroll of vulnerability {unknown}
 g - 2 scrolls of noise {unknown}
 h - a scroll of brand weapon {unknown}
 i - 3 scrolls of fog {unknown}
 k - a scroll of silence {unknown}
 q - a scroll of blinking {unknown}
 t - a scroll of magic mapping {unknown}
Potions
 j - a potion of might {unknown}
 m - a potion of heal wounds {unknown}
 n - a potion of haste {unknown}
 o - a potion of mutation {unknown}
 p - 3 potions of curing {unknown}
 r - a potion of lignification {unknown}


   Skills:
 - Level 0.7 Fighting
 * Level 5.2 Bows
 + Level 3.7 Dodging
 + Level 2.2 Stealth
 + Level 2.3 Spellcasting
 * Level 4.4 Hexes


You had 4 spell levels left.
You knew the following spells:

 Your Spells              Type           Power      Damage    Failure   Level
a - Slow                  Hex            72%        N/A       2%          1
b - Portal Projectile     Hex/Tloc       20%        N/A       22%         3

Your spell library contained the following spells:

 Spells                   Type           Power      Damage    Failure   Level
 Inner Flame              Hex/Fire       10%        N/A       22%         3
 Cause Fear               Hex            9%         N/A       28%         4


Dungeon Overview and Level Annotations

Branches:
Dungeon (4/15)             Temple (1/1) D:4

Altars:
Ashenzari
Dithmenos
Elyvilon
Fedhas
Gozag
Hepliaklqana
Kikubaaqudgha
Makhleb
Nemelex Xobeh
Okawaru
Qazlal
Ru
Sif Muna
Trog
Uskayaw
Vehumet
Wu Jian
Yredelemnul
Zin


Message History

There is a basalt altar of Yredelemnul here.
An adder comes into view.
You shoot an arrow. The arrow completely misses the adder.
You shoot an arrow. The arrow hits the adder.
The adder is lightly wounded.
You shoot an arrow. The arrow hits the adder.
The adder is heavily wounded.
You shoot an arrow. The arrow misses the adder.
You shoot an arrow. The arrow completely misses the adder.
You shoot an arrow. The arrow hits the adder!
You kill the adder!
Found an escape hatch in the floor.
c - 32 arrows (gained 1)
Found a staircase to the Ecumenical Temple.
c - 33 arrows (gained 1)
c - 37 arrows (gained 4)
p - 3 sedimented silvery potions (gained 1)
Found a hunting sling.
t - a scroll labelled ACKOD TIELICO
Found a stone staircase leading up.
There is a staircase to the Ecumenical Temple here.
You fly downwards.
Welcome to the Ecumenical Temple!
There is a staircase back to the Dungeon here.
Found a glowing silver altar of Zin.
Found a bloodstained altar of Trog.
Found a blossoming altar of Fedhas.
Found two altars.
Found an iron altar of Okawaru.
There is an ancient bone altar of Kikubaaqudgha here.
Found a broken altar of Ashenzari.
Found a radiant altar of Vehumet.
Found a white marble altar of Elyvilon.
Found a sacrificial altar of Ru.
Found a hazy altar of Hepliaklqana.
Found a shadowy altar of Dithmenos and an ornate altar of the Wu Jian Council.
Found a hide-covered altar of Uskayaw.
There is a shadowy altar of Dithmenos here.
Found a shimmering blue altar of Sif Muna.
Done exploring.
Are you sure you want to abandon this character and quit the game? (Confirm with "yes".)

###### .....###
.......#####
..._.......###
......#......#####
........._.......###
###.##.............#######
.....#≈#......._.........#
.......#####....@.#......#
..._.......###......._...#
.............#####.......#
........._.......###.....#
######.............#######
.....###......._.........#
.......#####.............#
..._.......###......._...#
.............#####.......#


There were no monsters in sight!

Vanquished Creatures
  A hound skeleton (D:4)
  3 gnolls (D:2)
  5 adders
  2 worms (D:3)
  3 dart slugs
  2 orcs (D:3)
  4 ball pythons
  5 endoplasms
  3 giant cockroaches (D:1)
  2 goblins
  6 hobgoblins
  6 jackals
  5 kobolds
  A quokka (D:1)
  3 bats
  7 frilled lizards
  5 rats
63 creatures vanquished.

Notes
Turn   | Place    | Note
-------+----------+-------------------------------------------
     0 | D:1      | hashsling the Deep Elf Arcane Marksman began the quest for
                  | the Orb.
     0 | D:1      | Reached XP level 1. HP: 11/11 MP: 5/5
    67 | D:1      | Reached skill level 3 in Bows
   506 | D:1      | Reached XP level 2. HP: 13/16 MP: 6/6
  1492 | D:2      | Reached XP level 3. HP: 20/20 MP: 8/8
  1495 | D:2      | Reached skill level 4 in Bows
  1500 | D:2      | Reached skill level 1 in Stealth
  1712 | D:2      | Found a burning altar of Makhleb.
  2034 | D:2      | Reached XP level 4. HP: 15/24 MP: 9/9
  2234 | D:3      | Learned a level 3 spell: Portal Projectile
  2641 | D:3      | Found a burning altar of Makhleb.
  3103 | D:3      | Found a stormy altar of Qazlal.
  3150 | D:3      | Reached skill level 5 in Bows
  3300 | D:3      | Found a faded altar of an unknown god.
  3546 | D:3      | Reached XP level 5. HP: 28/28 MP: 10/10
  3873 | D:4      | Found a basalt altar of Yredelemnul.
  3874 | D:4      | Found an opulent altar of Gozag.
  3931 | D:4      | Found a staircase to the Ecumenical Temple.
  3959 | Temple   | Entered the Ecumenical Temple
  4040 | Temple   | Quit the game

Illustrated notes

Levels and vault maps discovered:
D:1:      heliophobic_arrival_battle_scene, layout_basic, minmay_tripent
D:2:      layout_basic, basic_altar
D:3:      minmay_spotlight, layout_loops_ring, mainiacjoe_overflow_boulevard,
          general_overflow_altar, ebering_ecumenical_altar_ruins,
          minmay_crystal_room
D:4:      layout_basic, minitemple, temple_statues
Temple:   regret_index_temple_waves

Skill      XL: |  1  2  3  4 |
---------------+-------------+-----
Bows           | 3 4 5 |  5.2
Spellcasting   | 2 |  2.3
Dodging        | 3 |  3.7
Stealth        | 1 2 |  2.2
Fighting       | |  0.7
Hexes          | |  4.4

Action                   |  1- 3 |  4- 6 || total
-------------------------+-------+-------++-------
Melee: Dagger            |    23 |    58 ||    81
       Punch             |       |     1 ||     1
 Fire: Shortbow          |    92 |    88 ||   180
Throw: Boomerang         |       |     1 ||     1
 Cast: Slow              |       |     6 ||     6
Armor: Robe              |    16 |     9 ||    25
Dodge: Dodged            |    39 |    52 ||    91

Table legend: (Time is in decaauts)
 A = Elapsed time spent in this place.
 B = Non-inter-level travel time spent in this place.
 C = Inter-level travel time spent in this place.
 D = Time resting spent in this place.
 E = Time spent auto-exploring this place.
 F = Levels seen in this place.
 G = Mean time per level.
                   A        B        C        D        E       F      G
               +--------+--------+--------+--------+--------+-----+--------+
         Total |   4043 |   3970 |     73 |      0 |   3422 |   5 |  808.6 |
       Dungeon |   3962 |   3889 |     73 |      0 |   3357 |   4 |  990.5 |
        Temple |     80 |     80 |      0 |      0 |     65 |   1 |   80.0 |
               +--------+--------+--------+--------+--------+-----+--------+

Top non-repeatable levels by time:
     D:3: 1381 daAuts
     D:1: 1277 daAuts
     D:2: 946 daAuts
     D:4: 357 daAuts
  Temple: 80 daAuts
